 Dungeon Crawl Stone Soup version 0.31-a0-844-gdc52ec4e09 (webtiles) character file.

Game seed: 2702358772197830366

21 graki42 the Trooper (level 2, 31/31 HPs)
             Began as an Ogre Gladiator on Sept 28, 2023.
             Quit the game on level 1 of the Dungeon.
             The game lasted 00:01:38 (339 turns).

graki42 the Trooper (Ogre Gladiator)                 Turns: 339, Time: 00:01:38

Health: 31/31      AC:  3    Str: 17    XL:     2   Next: 83%
Magic:  2/2        EV: 10    Int:  9    God:
Gold:   31         SH:  0    Dex: 10    Spells: 1/1 levels left

rFire   . . .        a - +0 flail
rCold   + . .        (no shield)
rNeg    . . .        b - +0 robe
rPois   .            c - +0 hat
rElec   .            (no cloak)
rCorr   .            (gloves unavailable)
SInv    .            (boots unavailable)
Will    .....        (no amulet)
Stlth   +            h - ring of protection from cold
HPRegen 0.25/turn    (no ring)
MPRegen 0.08/turn

%: no passive effects
@: no status effects
A: large, unfitting armour, tough skin 1
a: no special abilities


You were on level 1 of the Dungeon.
You visited 1 branch of the dungeon, and saw 1 of its levels.

You collected 31 gold pieces.

Inventory:

Hand Weapons
 a - a +0 flail (weapon)
Missiles
 d - 3 throwing nets (quivered)
 e - a large rock
 l - 2 datura-tipped darts
Armour
 b - a +0 robe (worn)
 c - a +0 hat (worn)
Jewellery
 h - a ring of protection from cold (left hand)
Scrolls
 f - a scroll of fog {unknown}
 g - a scroll of poison {unknown}
 i - a scroll of enchant armour {unknown}
 k - a scroll of teleportation {unknown}
Potions
 j - a potion of enlightenment {unknown}


   Skills:
 + Level 3.1 Fighting
 + Level 2.9 Maces & Flails
 + Level 2.3 Throwing
 + Level 3.0 Dodging


You had one spell level left.
You didn't know any spells.
Your spell library was empty.

Dungeon Overview and Level Annotations

Branches:
Dungeon (1/15)

Altars:

Shops:
D:1 *


Innate Abilities, Weirdness & Mutations

You are too large for most types of armour.
You have tough skin. (AC +1)


Message History

The bat barely misses you. The endoplasm freezes you.
You are frozen.
The endoplasm closely misses you.
You sock the bat!
You kill the bat!
The endoplasm hits you but does no damage.
You sock the endoplasm!
You kill the endoplasm!
No target in view!
h - a ring of protection from cold No target in view!
h - a ring of protection from cold (left hand)
i - a scroll labelled CEUDGH CAHAECH
j - a bubbling black potion
Found a stone staircase leading down.
A dart slug comes into view.
Found a scroll labelled LIXZEA PEMAR.
The dart slug bites you but does no damage.
You hit the dart slug.
The dart slug is severely wounded.
The dart slug launches a dart at you. The slug dart hits you.
You thump the dart slug!
You kill the dart slug!
Your Dodging skill increases to level 3!
No target in view!
k - a scroll labelled LIXZEA PEMAR
Found 2 stones.
You now have 31 gold pieces (gained 9).
Found 2 datura-tipped darts.
Unknown command.
You see here 2 stones.
You see here 2 datura-tipped darts.
l - 2 datura-tipped darts
Okay, then.
There's nothing to close nearby.
Okay, then.
Welcome back, graki42 the Ogre Gladiator.
Press ? for a list of commands and other information.
Are you sure you want to abandon this character and quit the game? (Confirm with "yes".)

.#
######........#####.#
...
#......######.......#
.. #.####.# #########
#.##.###### #.....# .
###...# ..
#.##########
#.(.........
#.##@.#.##. ...###.#
##... ... #### .###
.# .# .. ..


There were no monsters in sight!

Vanquished Creatures
  A gnoll (D:1)
  A dart slug (D:1)
  2 bats (D:1)
  2 endoplasms (D:1)
  2 ball pythons (D:1)
  A rat (D:1)
9 creatures vanquished.

Notes
Turn   | Place    | Note
-------+----------+-------------------------------------------
     0 | D:1      | graki42 the Ogre Gladiator began the quest for the Orb.
     0 | D:1      | Reached XP level 1. HP: 22/22 MP: 1/1
    66 | D:1      | Reached XP level 2. HP: 30/31 MP: 2/2
   128 | D:1      | Found Zodueph's Assorted Antiques.
   339 | D:1      | Quit the game

Illustrated notes

Levels and vault maps discovered:
D:1:      scummos_arrival_forest, layout_loops_cross, serial_shops,
          nicolae_shop_rolling_square, shop, shop, serial_aquarium,
          aquarium_bridge_square [aquarium_subvault_bridge,
          aquarium_subvault_window, aquarium_subvault_balcony,
          aquarium_subvault_bridge], aquarium_window_1, aquarium_window_3,
          aquarium_window_1, aquarium_view_2c, aquarium_view_2e

Skill      XL: |  1  2 |
---------------+-------+-----
Fighting       | 3 |  3.1
Dodging        | 3 |  3.0
Maces & Flails | |  2.9
Throwing       | |  2.3

Action                     || total
---------------------------++-------
  Melee: Flail             ||    25
 Armour: Robe              ||    17
  Dodge: Dodged            ||    19

Table legend: (Time is in decaauts)
 A = Elapsed time spent in this place.
 B = Non-inter-level travel time spent in this place.
 C = Inter-level travel time spent in this place.
 D = Time resting spent in this place.
 E = Time spent auto-exploring this place.
 F = Levels seen in this place.
 G = Mean time per level.
                   A        B        C        D        E       F      G
               +--------+--------+--------+--------+--------+-----+--------+
         Total |    344 |    344 |      0 |      0 |    273 |   1 |  344.0 |
       Dungeon |    344 |    344 |      0 |      0 |    273 |   1 |  344.0 |
               +--------+--------+--------+--------+--------+-----+--------+

Top non-repeatable levels by time:
     D:1: 344 daAuts
